 Dungeon Crawl Stone Soup version 0.18-a0-1577-gf591c28 (webtiles) character file.

4 Duffy the Caller (level 1, 0/13 HPs)
             Began as a Formicid Summoner on Mar 19, 2016.
             Slain by a kobold
             ... wielding a +0 short sword
              (5 damage)
             ... on level 1 of the Dungeon.
             The game lasted 00:00:47 (576 turns).

Duffy the Caller (Formicid Summoner)                 Turns: 576, Time: 00:00:47

Health: 0/13       AC:  2    Str: 12    XL:     1   Next: 77%
Magic:  1/3        EV: 12    Int: 14    God:
Gold:   66         SH:  0    Dex: 11    Spells: 1 memorised, 3 levels left

rFire  . . .     SeeInvis +     (no weapon)
rCold  . . .     Gourm    .     a - +0 robe
rNeg   . . .     Faith    .     (no shield)
rPois  .         Spirit   .     (helmet unavailable)
rElec  .         Dismiss  .     (no cloak)
rCorr  .         Reflect  .     (no gloves)
SustAt .         Harm     .     (no boots)
MR     .....                    (no amulet)
Stlth  ++........               (no ring)
                                (no ring)

@: not resistant to hostile enchantments, unstealthy
A: permanent stasis, dig shafts and tunnels, four strong arms, antennae 3
a: Dig, Shaft Self


You were on level 1 of the Dungeon.
You were not hungry.

You visited 1 branch of the dungeon, and saw 2 of its levels.

You collected 66 gold pieces.


Innate Abilities, Weirdness & Mutations

You are under a permanent stasis effect.
You can dig through walls and to a lower floor.
Your four strong arms can wield two-handed weapons with a shield.
You have a pair of large antennae on your head (SInv).


   Skills:
 - Level 1.7 Dodging
 - Level 2.4 Stealth
 + Level 2.3 Spellcasting
 + Level 4.1 Summonings


You had 3 spell levels left.
You knew the following spells:

 Your Spells              Type           Power        Failure   Level  Hunger
a - Summon Small Mammal   Summ           ##..         4%          1    #......

Inventory:

Armour
 a - a +0 robe (worn)
Scrolls
 e - a scroll of blinking {unknown}
Potions
 d - a potion of heal wounds {unknown}
 f - a potion of lignification {unknown}
Books
 b - a book of Callings
Comestibles
 c - a bread ration
 g - a meat ration
 h - a beef jerky

Dungeon Overview and Level Annotations

Branches:
Dungeon (2/15)

Altars:
Nemelex Xobeh


Message History

A hobgoblin comes into view. It is wielding a club.
You see here 13 arrows.
Found 12 gold pieces.
Cast which spell? (? or * to list)
The hobgoblin shouts!
Cast which spell? (? or * to list)
The hobgoblin hits your rat but does no damage.
The hobgoblin misses your rat.
Your rat misses the hobgoblin. The hobgoblin barely misses your rat.
Your rat closely misses the hobgoblin.
The hobgoblin hits your rat but does no damage.
Your rat misses the hobgoblin.
Your rat bites the hobgoblin.
The hobgoblin hits your rat with a club.
Your rat bites the hobgoblin. x2
Your rat bites the hobgoblin but does no damage.
Your rat bites the hobgoblin.
The hobgoblin dies!
Your rat disappears in a puff of smoke!
You now have 54 gold pieces (gained 8).
You now have 66 gold pieces (gained 12).
A kobold comes into view. It is wielding a short sword.
The kobold shouts!
Cast which spell? (? or * to list) Cast which spell? (? or * to list)
The kobold closely misses you.
Your quokka bites the kobold.
The kobold barely misses you.
Your quokka closely misses the kobold.
The kobold hits you but does no damage.
Your quokka closely misses the kobold.
The kobold closely misses you.
Your quokka bites the kobold but does no damage.
The kobold closely misses you.
Your quokka bites the kobold but does no damage.
Your quokka misses the kobold. The kobold hits you with a short sword.
Your quokka misses the kobold. The kobold barely misses you.
Your quokka barely misses the kobold.
The kobold hits you with a short sword.
Your quokka closely misses the kobold.
The kobold hits you with a short sword.
You die...

#..... ##### ......
#...# ......
#...###......
#............ #...#
....... #...##r......
###...b@K......
########.#.#####......
#......#...# .....
#.....<#.### .......
#..0..>#.# .......
##......#.# .... ..
##.#..## ##..######.##
... # #.......
............#####..##.
#.......
.....%..........#..##.
#.......


You could see a kobold, a friendly quokka and a friendly bat.

Action                   || total
-------------------------++-------
Melee: Unarmed           ||     2
 Cast: Summon Small Mamm ||    17

Notes
Turn   | Place    | Note
--------------------------------------------------------------
     0 | D:1      | Duffy the Formicid Summoner began the quest for the Orb.
     0 | D:1      | Reached XP level 1. HP: 13/13 MP: 3/3
     5 | D:2      | Found a sparkling altar of Nemelex Xobeh.
   576 | D:1      | Slain by a kobold

Vault maps used:
D:1:      dpeg_arrival_fog
D:2:      nemelex_deck, first_bread, minmay_misc_feat_five

Vanquished Creatures
  2 bats
  3 hobgoblins
  A kobold
6 creatures vanquished.
